AoeStats
← LethalHubris

Arabia

511166100Analyzed
2v2 RM · 9d ago on Oct 4, 2026· 31m 49s· 4 players
Game mode
Random Map
Map size
Medium (4 player)
Population
200
Speed
Normal
Resources
Standard
Victory
Conquest
Starting age
Dark Age
Ending age
Imperial Age
RankedLock teamsTeams togetherTeam positionsShared explorationLock speedFull tech treeHidden civsTurbo modeCheats
Victory
Defeat
🇺🇸 Wei · United States
1220
+17
🇺🇸 Mongols · United States
1207
+17
vs
🇵🇪 Vietnamese · Peru
1249
-17
🇺🇸 Varangians · United States
1230
-17
LethalHubris
6:36 Loom
9:39 Feudal Age
10:44 Double-Bit Axe
10:41 Horse Collar
16:08 Wheelbarrow
19:16 Castle Age
17:58 Gold Mining
18:03 Fletching
18:14 Padded Archer Armor
20:10 Bloodlines
19:59 Bodkin Arrow
20:36 Bow Saw
21:28 Husbandry
24:23 Leather Archer Armor
27:13 Thumb Ring
30:12 Husbandry
33:36 Imperial Age
32:05 Ballistics
31:43 Town Watch
Stonefoot28
5:48 Loom
9:22 Feudal Age
10:45 Double-Bit Axe
11:41 Horse Collar
20:37 Castle Age
18:45 Scale Barding Armor
19:22 Bloodlines
19:26 Forging
20:07 Gold Mining
21:48 Chain Barding Armor
23:02 Bow Saw
23:32 Wheelbarrow
22:42 Town Watch
22:59 Husbandry
24:52 Iron Casting
29:59 Heavy Plow
31:43 Fletching
32:33 Hand Cart
diegogv91
6:30 Loom
6:43 Loom
9:19 Feudal Age
9:48 Double-Bit Axe
14:59 Horse Collar
16:29 Bloodlines
17:46 Wheelbarrow
18:27 Forging
22:11 Castle Age
21:01 Gold Mining
21:34 Scale Barding Armor
23:06 Bow Saw
23:18 Chain Barding Armor
23:01 Husbandry
23:11 Town Watch
moramarlon18
6:02 Loom
9:29 Feudal Age
9:57 Double-Bit Axe
11:14 Horse Collar
14:46 Fletching
15:50 Padded Archer Armor
25:22 Castle Age
25:49 Crossbowman
31:43 Bodkin Arrow
Connection lost

Rejoining the realm…

Still unreachable

The connection could not be restored.

Session expired

The server has moved on; the page needs a fresh start.